 Dungeon Crawl Stone Soup version 0.18.1-5-g4a78601 (webtiles) character file.

118 varam the Chopper (level 4, 37/38 HPs)
             Began as a Minotaur Gladiator on May 11, 2016.
             Was a Believer of Lugonu.
             Quit the game on level 3 of the Dungeon.
             The game lasted 00:02:45 (1666 turns).

varam the Chopper (Minotaur Gladiator)              Turns: 1666, Time: 00:02:45

Health: 37/38      AC:  4    Str: 19    XL:     4   Next: 72%
Magic:  3/3        EV: 13    Int:  5    God:    Lugonu [**....]
Gold:   67         SH:  0    Dex: 12    Spells: 0 memorised, 3 levels left

rFire  . . .     SeeInvis +     a - +0 war axe
rCold  . . .     Gourm    .     b - +0 leather armour
rNeg   . . .     Faith    .     (no shield)
rPois  .         Spirit   .     c - +0 hat
rElec  .         Dismiss  .     (no cloak)
rCorr  .         Reflect  .     y - +0 pair of gloves
SustAt .         Harm     .     (no boots)
MR     .....                    (no amulet)
Stlth  +.........               (no ring)
                                q - ring of see invisible

@: not resistant to hostile enchantments, very unstealthy
A: retaliatory headbutt, horns 2
a: Depart the Abyss, Bend Space, Renounce Religion


You were on level 3 of the Dungeon.
You worshipped Lugonu.
Lugonu was pleased with you.
You were not hungry.

You visited 1 branch of the dungeon, and saw 3 of its levels.

You collected 67 gold pieces.

Inventory:

Hand Weapons
 a - a +0 war axe (weapon)
Missiles
 d - 3 throwing nets (quivered)
 t - 7 tomahawks
 v - 57 stones
Armour
 b - a +0 leather armour (worn)
 c - a +0 hat (worn)
 y - a +0 pair of gloves (worn)
Jewellery
 q - a ring of see invisible (left hand)
Scrolls
 e - 4 scrolls of identify {unknown}
 g - a scroll of enchant weapon {unknown}
 h - a scroll of random uselessness {unknown}
 i - a scroll of remove curse {unknown}
 l - a scroll of teleportation {unknown}
Potions
 j - a potion of lignification {unknown}
 k - a potion of ambrosia {unknown}
 p - 2 potions of curing {unknown}
 r - a potion of brilliance {unknown}
 u - a potion of flight {unknown}
 w - a potion of resistance {unknown}
 x - a potion of cure mutation {unknown}
Books
 n - a book of Burglary

   Spells                             Type                      Level
   a - Swiftness                      Charms/Air                   2
   b - Passwall                       Transmutation/Earth          2
   c - Passage of Golubria            Translocation                4
   d - Lee's Rapid Deconstruction     Earth                        5
   e - Darkness                       Hexes                        6
   f - Invisibility                   Hexes                        6
Comestibles
 f - 2 bread rations
 m - a beef jerky
 o - a meat ration
 s - 7 chunks of flesh


   Skills:
 + Level 3.2 Fighting
 * Level 4.8 Axes
 + Level 3.1 Throwing
 + Level 4.0 Dodging


You had 3 spell levels left.
You didn't know any spells.

Dungeon Overview and Level Annotations

Branches:
Dungeon (3/15)

Altars:
Xom
Zin
Lugonu


Innate Abilities, Weirdness & Mutations

You reflexively headbutt those who attack you in melee.
You have a pair of horns on your head.


Message History

The giant cockroach is severely wounded.
The kobold throws a stone.
The stone hits you but does no damage.
The giant cockroach bites you but does no damage.
The kobold throws a stone.
The stone hits you but does no damage.
You slash the giant cockroach!
You kill the giant cockroach!
The kobold throws a stone.
The stone hits you.
Found 19 stones.
You slash the kobold!
You kill the kobold!
No target in view!
No target in view!
No target in view!
No target in view!
There is a faded altar to an unknown god here.
This altar will convert you to a god.
You cannot discern which.
Do you pray? Lugonu accepts your prayer! Lugonu welcomes you!
You can now depart the Abyss.
You can now bend space around yourself.
Are you sure you want to abandon this character and quit the game? (Confirm with "yes".)

.........'..........
.........#.......#
##########.......#
...# #.......# ...#
#....(†.#### ...+
#..........#####
...#
#.$....8.......#
...#
####..8.8......#
...# #..8.@.8.....#
#### #...8.8......#
#....8.......#
#..........(.#
#............#
#............#
.............
......########


There were no monsters in sight!

Vanquished Creatures
  A jelly (D:3)
  An orc wizard (D:3)
  2 adders
  4 orcs (D:3)
  2 bats
  2 giant cockroaches
  6 goblins
  3 hobgoblins (D:1)
  4 jackals (D:2)
  3 giant newts
  4 kobolds
  5 rats
37 creatures vanquished.

Notes
Turn   | Place    | Note
--------------------------------------------------------------
     0 | D:1      | varam the Minotaur Gladiator began the quest for the Orb.
     0 | D:1      | Reached XP level 1. HP: 18/18 MP: 0/0
   242 | D:1      | Reached XP level 2. HP: 25/25 MP: 1/1
   464 | D:2      | Noticed an angel
   464 | D:2      | Found a shimmering altar of Xom.
   465 | D:2      | Found a glowing silver altar of Zin.
   962 | D:2      | Reached XP level 3. HP: 21/30 MP: 2/2
  1458 | D:3      | Reached XP level 4. HP: 33/38 MP: 3/3
  1651 | D:3      | Found a faded altar to an unknown god.
  1666 | D:3      | Became a worshipper of Lugonu the Unformed
  1666 | D:3      | Reached * piety under Lugonu
  1666 | D:3      | Reached ** piety under Lugonu
  1666 | D:3      | Quit the game

Skill      XL: |  1  2  3  4 |
---------------+-------------+-----
Axes           | 4 |  4.8
Fighting       | 3 |  3.2
Throwing       | 3 |  3.1
Dodging        | 4 |  4.0

Action                   |  1- 3 |  4- 6 || total
-------------------------+-------+-------++-------
Melee: War axe           |    49 |    21 ||    70
       Headbutt          |     2 |     5 ||     7
  Eat: Chunk             |     2 |       ||     2
Armor: Leather armour    |    11 |     6 ||    17
Dodge: Dodged            |    40 |    18 ||    58
